 Dungeon Crawl Stone Soup version 0.30.1-11-g7821555f0a (webtiles) character file.

Game seed: 6503080619291063898

203 lonewolfV2 the Trooper (level 5, 0/48 HPs)
             Began as a Minotaur Fighter on Nov 14, 2023.
             Slain by a jelly (2 damage)
             ... on level 4 of the Dungeon.
             The game lasted 00:04:11 (2862 turns).

lonewolfV2 the Trooper (Minotaur Fighter)           Turns: 2862, Time: 00:04:11

Health: 0/48       AC:  2    Str: 21    XL:     5   Next: 51%
Magic:  4/4        EV:  2    Int:  5    God:
Gold:   281        SH:  0    Dex: 11    Spells: 4/4 levels left

rFire   . . .        a - +0 war axe
rCold   . . .        c - +0 buckler
rNeg    . . .        b - +0 scale mail
rPois   .            (helmet restricted)
rElec   .            (no cloak)
rCorr   .            (no gloves)
SInv    .            (no boots)
Will    .....        (no amulet) Stlth
                     (no ring)
HPRegen 0.28/turn    (no ring)
MPRegen 0.09/turn

%: no passive effects
@: sleeping, corroded
A: horns 2, retaliatory headbutt
a: no special abilities


You were on level 4 of the Dungeon.
You visited 1 branch of the dungeon, and saw 4 of its levels.

You collected 281 gold pieces.

Inventory:

Hand Weapons
 a - a +0 war axe (weapon)
Missiles
 j - a throwing net (quivered)
Armour
 b - a +0 scale mail (worn)
 c - a +0 buckler (worn)
Wands
 m - a wand of flame (14)
Scrolls
 e - 3 scrolls of immolation
 f - 2 scrolls of amnesia
 h - 2 scrolls of fog
 k - a scroll of summoning
Potions
 d - a potion of might
 g - 4 potions of degeneration
 i - 4 potions of curing


   Skills:
 + Level 5.2 Fighting
 - Level 2.4 Axes
 - Level 3.6 Armour
 * Level 4.7 Dodging
 - Level 3.6 Shields


You had 4 spell levels left.
You didn't know any spells.
Your spell library contained the following spells:

 Spells                   Type           Power      Damage    Failure   Level
 Freeze                   Ice            0%         1d3       87%         1
 Cigotuvi's Dreadful Rot  Necr/Pois/Air  0%         N/A       95%         2
 Frozen Ramparts          Ice            0%         1d1       99%         3
 Hailstorm                Conj/Ice       0%         3d3       99%         3
 Ignite Poison            Fire/Tmut/Pois 0%         N/A       99%         3
 Freezing Cloud           Conj/Ice/Air   0%         6-21      100%        5


Dungeon Overview and Level Annotations

Branches:
Dungeon (4/15)
 Temple: D:4-7

Altars:
Fedhas

Shops:
D:1 ?(*   D:2 [


Innate Abilities, Weirdness & Mutations

You have a pair of horns on your head.
You reflexively headbutt those who attack you in melee.


Message History

You hit the orc. Your headbutt misses the orc.
The orc is heavily wounded.
The orc closely misses you.
An orc comes into view. It is wielding a +0 hand axe.
The orc hits you with a +0 flail.
The orc moves out of view.
You closely miss the orc.
The orc is heavily wounded.
The orc hits you with a +0 flail.
You hit the orc.
You kill the orc!
The giant cockroach waves its antennae.
You block the giant cockroach's attack. The orc hits you with a +0 club.
You closely miss the orc. You barely miss the giant cockroach.
You block the giant cockroach's attack. The orc hits you but does no damage.
You slash the orc!
You kill the orc!
You hit the giant cockroach but do no damage.
The giant cockroach bites you but does no damage. x2
You hit the orc but do no damage. You headbutt the orc!
You kill the orc!
You slash the giant cockroach!
You kill the giant cockroach!
The orc throws a boomerang.
You block the boomerang. You block the jelly's attack.
The sleepcap releases spores at you!
You hit the jelly.
Your hands burn!
The jelly is lightly wounded.
You hit the sleepcap. The sleepcap releases spores at you.
You block the jelly's attack.
You slash the jelly! The acid corrodes you!
Your hands burn!
The jelly is heavily wounded.
You hit the sleepcap but do no damage. The jelly closely misses you.
You block the sleepcap's attack. The jelly hits you.
You are splashed with acid!
* * * LOW HITPOINT WARNING * * *
The sleepcap releases spores at you!
* * * LOW HITPOINT WARNING * * *
You are engulfed in a cloud of soporific spores!
You fall asleep.
The jelly hits you.
You die...

....##.##....#
..
....##.###.###
... ....##.#
#..#### ....
.[..##.#
##....#####..o.
....##.#
##............
....##.#
#............
.......#
#...o{o.o....
########
#####J###....
#@# . #f# .S#
.... ....#
...... .......
#.......


You could see a sleepcap, a jelly, an adder and 2 orcs.

Vanquished Creatures
  A jelly (D:4)
  3 gnolls (D:2)
  7 adders
  A worm (D:2)
  A dart slug (D:2)
  5 orcs
  6 ball pythons
  5 bats
  4 endoplasms
  5 giant cockroaches
  2 goblins
  6 hobgoblins
  9 jackals
  2 quokkas (D:3)
  2 frilled lizards
  5 kobolds
  8 rats
72 creatures vanquished.

Notes
Turn   | Place    | Note
-------+----------+-------------------------------------------
     0 | D:1      | lonewolfV2 the Minotaur Fighter began the quest for the
                  | Orb.
     0 | D:1      | Reached XP level 1. HP: 19/19 MP: 0/0
    53 | D:1      | Reached skill level 1 in Dodging
    66 | D:1      | Found Mapt's Antique Weapon Shop.
   295 | D:1      | Found Usasurr's Magic Scroll Shoppe.
   305 | D:1      | Found Jisashae's Assorted Antiques.
   320 | D:1      | Reached XP level 2. HP: 27/27 MP: 1/1
   878 | D:2      | Reached skill level 4 in Fighting
   878 | D:2      | Found a faded altar of an unknown god.
   943 | D:2      | Reached XP level 3. HP: 22/33 MP: 2/2
  1359 | D:2      | Found Laasadae's Armour Boutique.
  1394 | D:2      | Reached XP level 4. HP: 26/41 MP: 3/3
  2491 | D:3      | Reached XP level 5. HP: 47/47 MP: 4/4
  2630 | D:3      | Found a blossoming altar of Fedhas.
  2708 | D:4      | Reached skill level 5 in Fighting
  2861 | D:4      | HP: 1/48 [sleepcap (8)]
  2862 | D:4      | Slain by a jelly

Illustrated notes

Levels and vault maps discovered:
D:1:      amcnicky_arrival_double_pillar, layout_loops_corners, serial_shops,
          shop, nicolae_shop_tiny_glass, shop
D:2:      layout_loops_corners, ebering_ecumenical_altar_webs, serial_shops,
          nicolae_shop_behind_doors, small_statue_intersection,
          amethyst_killhole
D:3:      layout_loops_ring, mainiacjoe_overflow_chevrons
D:4:      layout_basic, zin_purify, nicolae_vehumet_altar_sigil

Skill      XL: |  1  2  3  4  5 |
---------------+----------------+-----
Dodging        | 1 2 3 4 |  4.7
Fighting       | 4 5 |  5.2
Axes           | |  2.4
Armour         | |  3.6
Shields        | |  3.6

Action                     |  1- 3 |  4- 6 || total
---------------------------+-------+-------++-------
  Melee: War axe           |    63 |    76 ||   139
         Headbutt          |    13 |    12 ||    25
    Use: Scroll            |     6 |     2 ||     8
 Armour: Scale mail        |    27 |    27 ||    54
  Dodge: Dodged            |    38 |    42 ||    80
  Block: Buckler           |    22 |    22 ||    44
